 Dungeon Crawl Stone Soup version 0.19.1-1-g22dce08 (webtiles) character file.

84 Fartwhistle the Magician (level 4, -4/30 HPs)
             Began as a Mummy Wizard on Jan 20, 2017.
             Slain by Sigmund
             ... wielding a +4 scythe
              (7 damage)
             ... on level 3 of the Dungeon.
             The game lasted 00:07:43 (3188 turns).

Fartwhistle the Magician (Mummy Wizard)             Turns: 3188, Time: 00:07:44

Health: -4/30      AC:  2    Str: 10    XL:     4   Next: 23%
Magic:  2/9        EV: 12    Int: 18    God:
Gold:   55         SH:  0    Dex: 10    Spells: 4 memorised, 2 levels left

rFire  x . .     SeeInvis .     f - +0 short sword
rCold  + . .     Gourm    .     a - +0 robe
rNeg   + + +     Faith    .     (no shield)
rPois  ∞         Spirit   .     b - +0 hat
rElec  .         Reflect  .     (no cloak)
rCorr  .         Harm     .     (no gloves)
MR     .....                    (no boots)
Stlth  ++........               (no amulet)
                                (no ring)
                                (no ring)

@: very slightly contaminated
A: no food or potions, fire vulnerability, cold resistance 1, negative energy
resistance 3, torment resistance, unbreathing
a: no special abilities


You were on level 3 of the Dungeon.
You were not hungry.

You visited 1 branch of the dungeon, and saw 3 of its levels.

You collected 55 gold pieces.

Inventory:

Hand Weapons
 f - a +0 short sword (weapon)
   (You found it on level 1 of the Dungeon)
 j - a +0 mace of protection
   (You found it on level 2 of the Dungeon)
 l - a cursed -1 dagger
   (You took it off a kobold on level 2 of the Dungeon)
Armour
 a - a +0 robe (worn)
 b - a +0 hat (worn)
Jewellery
 k - a cursed ring of loudness {unknown}
   (You found it on level 2 of the Dungeon)
 n - an uncursed ring of protection from fire {unknown}
   (You found it on level 3 of the Dungeon)
Scrolls
 d - 2 scrolls of identify {unknown}
 e - 3 scrolls of fog {unknown}
 g - a scroll of recharging {unknown}
 h - a scroll of amnesia {unknown}
 i - a scroll of noise {unknown}
 m - a scroll of enchant armour {unknown}
Books
 c - a book of Minor Magic


   Skills:
 - Level 1.5 Dodging
 - Level 1.5 Stealth
 + Level 3.9 Spellcasting
 + Level 2.4 Conjurations
 - Level 0.7 Summonings
   Level 0.7 Translocations


You had 2 spell levels left.
You knew the following spells:

 Your Spells              Type           Power        Failure   Level  Hunger
a - Magic Dart            Conj           ##..         8%          1    N/A
c - Repel Missiles        Chrm/Air       #.....       28%         2    N/A
d - Call Imp              Summ           #.......     17%         2    N/A
e - Mephitic Cloud        Conj/Pois/Air  #.......     34%         3    N/A

Dungeon Overview and Level Annotations

Branches:
Dungeon (3/15)

Altars:
Elyvilon

Annotations:
D:3 Sigmund


Innate Abilities, Weirdness & Mutations

You do not eat or drink.
Your flesh is vulnerable to fire.
You are immune to poison.
Your flesh is cold resistant. (rC+)
You are immune to negative energy. (rN+++)
You are immune to unholy pain and torment.
You can survive without breathing.


Message History

The worker ant appears confused.
You now have 5/9 mp.
You barely miss the worker ant.
The worker ant is engulfed in noxious fumes.
The worker ant appears confused.
A kobold comes into view.
You hit the worker ant but do no damage.
You see here a bone ring.
n - a bone ring You hit the kobold.
You kill the kobold!
Things that are here:
3 gold pieces; a kobold corpse You now have 55 gold pieces (gained 3).
You see here a bat corpse.
The worker ant seems less confused.
You hear the brisk rusting of a distant drain.
The worker ant waves its antennae.
Unknown command.
Sigmund shouts!
Health restored: 30 A giant cockroach comes into view.
A hobgoblin comes into view. It is wielding a club.
A hobgoblin comes into view. It is wielding a club.
Sigmund casts a spell.
Sigmund flickers and vanishes!
Deactivating autopickup; reactivate with Ctrl-A.
The worker ant bites you.
You take 3 damage, and have 27/30 hp.
Aim: a worker ant (moderately wounded)
You miscast Mephitic Cloud.
You are very lightly contaminated with residual magic.
You feel mildly nauseous.
Jessica gestures wildly while chanting.
Jessica blinks!
The giant cockroach closely misses you. The worker ant barely misses you.
You now have 5/9 mp.
You miscast Mephitic Cloud.
Nothing appears to happen.
The hobgoblin hits you with a club. The giant cockroach barely misses you.
The worker ant completely misses you.
You take 4 damage, and have 23/30 hp.
You now have 3/9 mp.
Unknown command.
The ball explodes into a vile cloud!
The stinking cloud engulfs you!
The stinking cloud engulfs the hobgoblin.
The stinking cloud engulfs the worker ant.
The stinking cloud engulfs the giant cockroach.
You hear a shout!
You hear an angry hiss.
You hear a shout! x3
Something hits you but does no damage.
The giant cockroach bites you but does no damage.
The worker ant is engulfed in noxious fumes.
The worker ant appears confused.
The hobgoblin is engulfed in noxious fumes.
The hobgoblin appears confused.
The hobgoblin hits Jessica with a club.
You now have 0/9 mp.
Unknown command.
You hit the hobgoblin. Jessica hits you but does no damage.
The giant cockroach misses you.
The worker ant is engulfed in noxious fumes.
The worker ant appears confused.
The worker ant bites Jessica.
Jessica is poisoned.
The worker ant poisons Jessica!
The hobgoblin is engulfed in noxious fumes.
The hobgoblin appears confused.
You kill the hobgoblin!
Something hits you!
* * * LOW HITPOINT WARNING * * *
The giant cockroach bites you.
* * * LOW HITPOINT WARNING * * *
You take 16 damage, and have 7/30 hp.
MASSIVE DAMAGE!!
The worker ant is engulfed in noxious fumes.
The worker ant appears confused.
Jessica gestures at you while chanting.
You are unaffected.
The worker ant is engulfed in noxious fumes.
The worker ant barely misses you.
A rat comes into view.
Things that are here:
a club; a hobgoblin corpse The worker ant is engulfed in noxious fumes.
The worker ant seems to be having trouble coordinating all six of its legs.
Jessica dies!
The worker ant seems to be having trouble coordinating all six of its legs.
A leopard gecko comes into view.
A goblin comes into view. It is wielding a dagger.
The leopard gecko hisses angrily.
A goblin comes into view.
You see here a scroll labeled YTUOWE UCVAY.
The goblin closely misses you. The leopard gecko barely misses you.
The leopard gecko bites you but does no damage.
The goblin hits you with a dagger.
* * * LOW HITPOINT WARNING * * *
The goblin hits you.
* * * LOW HITPOINT WARNING * * *
You take 3 damage, and have 6/30 hp.
Something barely misses you. The leopard gecko closely misses you.
The goblin hits you.
* * * LOW HITPOINT WARNING * * *
You take 3 damage, and have 3/30 hp.
Something hits you!
You die...

##########
#......?.####
#...........####
#..s........$..###
#glg.r....#...)..##
#........#####..).##
#..@.....# ####...
#........# #...
########≈≈. ##..
#≈≈≈ #####.. .......
.....## #..## ...#
..#


You could see a leopard gecko, a giant cockroach, 2 goblins and a rat.

Vanquished Creatures
  An adder (D:2)
  An ooze (D:2)
  A worm (D:2)
  3 leopard geckos
  A giant cockroach (D:2)
  5 goblins
  5 hobgoblins
  7 jackals
  6 kobolds
  A quokka (D:2)
  4 bats
  A frilled lizard (D:2)
  6 rats
42 creatures vanquished.

Vanquished Creatures (collateral kills)
  Jessica (D:3)
  An adder (D:2)
2 creatures vanquished.

Grand Total: 44 creatures vanquished

Notes
Turn   | Place    | Note
-------+----------+-------------------------------------------
     0 | D:1      | Fartwhistle the Mummy Wizard began the quest for the Orb.
     0 | D:1      | Reached XP level 1. HP: 13/13 MP: 4/4
    27 | D:1      | Reached skill level 1 in Conjurations
   402 | D:1      | Reached XP level 2. HP: 17/19 MP: 6/6
   567 | D:1      | HP: 3/19 [hobgoblin/club (5)]
  1350 | D:2      | Reached XP level 3. HP: 12/24 MP: 0/8
  1528 | D:2      | Learned a level 3 spell: Mephitic Cloud
  1531 | D:2      | Learned a level 2 spell: Repel Missiles
  1534 | D:2      | Learned a level 2 spell: Call Imp
  1582 | D:2      | Noticed Sigmund
  1923 | D:2      | Reached skill level 2 in Conjurations
  2928 | D:2      | HP: 6/24 [ooze (4)]
  3016 | D:3      | Noticed Jessica
  3053 | D:3      | Found a white marble altar of Elyvilon.
  3108 | D:3      | Reached XP level 4. HP: 24/30 MP: 5/9
  3170 | D:3      | HP: 7/30 [giant cockroach (2)]
  3175 | D:3      | Killed Jessica
  3186 | D:3      | HP: 7/30 [goblin/dagger (2)]
  3187 | D:3      | HP: 3/30 [goblin (3)]
  3188 | D:3      | Slain by Sigmund

Skill      XL: |  1  2  3 |
---------------+----------+-----
Conjurations   | 1 2 |  2.4
Dodging        | |  1.5
Stealth        | |  1.5
Spellcasting   | |  3.9
Summonings     | |  0.7
Translocations | |  0.7

Action                   |  1- 3 |  4- 6 || total
-------------------------+-------+-------++-------
Melee: Whip              |    22 |       ||    22
       Short sword       |   117 |     5 ||   122
       Unarmed           |     2 |       ||     2
 Cast: Magic Dart        |    29 |       ||    29
       Mephitic Cloud    |     9 |     2 ||    11
       Call Imp          |     1 |       ||     1
 Stab: Sleeping          |     1 |       ||     1
Armor: Robe              |    33 |     5 ||    38
Dodge: Dodged            |   116 |    10 ||   126

Vault maps used:
D:1:      ncdulo_watergridlock, minmay_stone_trees_small, grunt_decor_arrowhead
D:2:      first_bread, st_stairs_8, uniq_crazy_yiuf_cottage, uniq_sigmund
D:3:      old_standard_altar, lightli_sewer_entry_pipes, uniq_jessica

Table legend:
 A = Turns spent in this place as a percentage of turns spent in the entire game.
 B = Non-inter-level travel turns spent in this place as a percentage of non-inter-level travel turns spent in the entire game.
 C = Inter-level travel turns spent in this place as a percentage of turns spent in this place.
 D = Turns resting spent in this place as a percentage of non-inter-level travel turns spent in this place.
 E = Turns spent auto-exploring this place as a percentage of non-inter-level travel turns spent in this place.
 F = Non-inter-level travel turns spent in this place divided by the number of levels of this place that you've seen.
                   A       B       C       D       E      F
               +-------+-------+-------+-------+-------+----------------------
         Total | 100.0 | 100.0 |   0.7 |   2.5 |   3.7 | 315.3
       Dungeon | 100.0 | 100.0 |   0.7 |   2.5 |   3.7 | 315.3
               +-------+-------+-------+-------+-------+----------------------

Table legend:
 A = Kills in this place as a percentage of kills in entire the game.
 B = Kills by you in this place as a percentage of kills by you in the entire game.
 C = Kills by friends in this place as a percentage of kills by friends in the entire game.
 D = Other kills in this place as a percentage of other kills in the entire game.
 E = Experience gained in this place as a percentage of experience gained in the entire game.
 F = Experience gained in this place divided by the number of levels of this place that you have seen.
                   A       B       C       D       E      F
               +-------+-------+-------+-------+-------+----------------------
         Total | 100.0 | 100.0 | 100.0 | 100.0 | 100.0 |  40.0
       Dungeon | 100.0 | 100.0 | 100.0 | 100.0 | 100.0 |  40.0
               +-------+-------+-------+-------+-------+----------------------
